 Dungeon Crawl Stone Soup version 0.14.2 (webtiles) character file.

1237 EmikaRules the Thaumaturge (level 8, -13/36 HPs)
             Began as a Spriggan Necromancer on Oct 30, 2016.
             Was a Believer of Kikubaaqudgha.
             Mangled by a two-headed ogre
             ... wielding a +0,+0 giant spiked club
              (24 damage)
             ... on Level 10 of the Dungeon.
             The game lasted 00:38:23 (3929 turns).

EmikaRules the Thaumaturge (Spriggan Necromancer)   Turns: 3929, Time: 00:38:24

HP -13/36        AC  2     Str  6      XL: 8   Next: 10%
MP  24/37        EV 18     Int 16      God: Kikubaaqudgha [**....]
Gold 134         SH  0     Dex 17      Spells:  6 memorised,  9 levels left

rFire  . . .     SeeInvis +     D - chunk of kobold flesh
rCold  . . .     Clarity  .     a - +0 robe
rNeg   . . .     Conserve .     (shield restricted)
rPois  .         rCorr    .     (helmet restricted)
rElec  .         rRot     .     (no cloak)
SustAb . .       Spirit   .     (gloves unavailable)
rMut   .         Warding  .     (boots unavailable)
Saprov . . .     Stasis   .     (no amulet)
MR     +....                    u - ring of regeneration
                                B - ring of magical power

@: very quick, somewhat resistant to hostile enchantments, stealthy
A: unfitting armour, see invisible, herbivore 3, speed 3, slow metabolism 2
a: Receive Corpses, Renounce Religion


You were on level 10 of the Dungeon.
You worshipped Kikubaaqudgha.
Kikubaaqudgha was pleased with you.
You were not hungry.

You visited 2 branches of the dungeon, and saw 11 of its levels.
You also visited: Bailey.

You collected 274 gold pieces.
You spent 140 gold pieces at shops.

Inventory:

Hand weapons
 y - a +1,+2 trident of venom
Armour
 a - a +0 robe (worn)
Magical devices
 i - a wand of frost (16)
Comestibles
 m - 3 bread rations
 D - a chunk of kobold flesh (in hand)
 F - a chunk of kobold flesh
Scrolls
 d - 7 scrolls of identify
 e - a scroll of immolation
 j - a scroll of magic mapping
 n - a scroll of enchant weapon II {unknown}
 p - a scroll of teleportation
 r - a scroll of remove curse
 s - a scroll of noise
 w - a scroll of fear
 z - a scroll of amnesia {unknown}
Jewellery
 t - a +4 ring of evasion
 u - a ring of regeneration (right hand)
 v - a +3 ring of dexterity
 B - a ring of magical power (left hand)
Potions
 c - 2 potions of porridge
 f - 3 potions of heal wounds
 h - a potion of restore abilities {unknown}
 k - 2 potions of haste
 o - 4 potions of curing
 q - 2 potions of paralysis {unknown}
 x - 6 potions of magic {unknown}
 G - a potion of cure mutation {unknown}
Books
 b - a book of Necromancy

   Spells                             Type                      Level
   *Pain                              Necromancy                   1
   Animate Skeleton                   Necromancy                   1
   Lethal Infusion                    Charms/Necromancy            2
   *Vampiric Draining                 Necromancy                   3
   *Regeneration                      Charms/Necromancy            3
   *Animate Dead                      Necromancy                   4
   *Control Undead                    Necromancy                   4
 g - a book of the Sky

   Spells                             Type                      Level
   Flight                             Charms/Air                   3
   Airstrike                          Air                          4
   Silence                            Hexes/Air                    5
   Deflect Missiles                   Charms/Air                   6
   Conjure Ball Lightning             Conjuration/Air              6
   Tornado                            Air                          9
 A - Kikubaaqudgha's Volume of Necromancy
   (Kikubaaqudgha gifted it to you on level 6 of the Dungeon)

   Spells                             Type                      Level
   *Pain                              Necromancy                   1
   Lethal Infusion                    Charms/Necromancy            2
   *Sublimation of Blood              Necromancy                   2
   *Vampiric Draining                 Necromancy                   3
   *Control Undead                    Necromancy                   4


   Skills:
 - Level 3.0 Dodging
 - Level 3.0 Stealth
 * Level 9.7 Spellcasting
 + Level 6.2 Necromancy


You had 9 spell levels left.
You knew the following spells:

 Your Spells              Type           Power        Failure   Level  Hunger
a - Pain                  Necr           ####         1%          1    None
c - Control Undead        Necr           ####......   10%         4    ###....
d - Vampiric Draining     Necr           ####......   1%          3    #......
m - Animate Dead          Necr           N/A          10%         4    ###....
r - Regeneration          Chrm/Necr      ###.......   10%         3    #......
s - Sublimation of Blood  Necr           ####......   1%          2    None


Dungeon Overview and Level Annotations

Branches:
Dungeon (10/15)            Temple (1/1) D:6
    Orc: D:9-12        Lair: D:8-11

Altars:
Ashenzari
Cheibriados
Dithmenos
Elyvilon
Fedhas
Kikubaaqudgha
Makhleb
Nemelex Xobeh
Okawaru
Sif Muna
Trog
Vehumet
Xom
Zin
The Shining One

Shops:
D:5 *

Annotations:
D:7 EmikaRules' ghost, experienced DEFE
D:8 Joseph; Pikel


Innate Abilities, Weirdness & Mutations

You are tiny and cannot use many weapons and most armour.
You have supernaturally acute eyesight.
You are a herbivore.
You cover ground extremely quickly.
You need consume almost no food.


Message History

Casting: Sublimation of Blood
Confirm with . or Enter, or press ? or * to list all spells.
Aiming: Pain
Press: ? - help, Shift-Dir - straight line, f - hound
Aim: a hound The hound convulses in agony!
Casting: Pain
Confirm with . or Enter, or press ? or * to list all spells.
Aiming: Pain
Press: ? - help, Shift-Dir - straight line, f/p - hound
Aim: a hound (almost dead)
The hound convulses in agony!
You kill the hound!
Kikubaaqudgha accepts your kill.
The two-headed ogre hits you with a giant spiked club!
Ouch! That really hurt!
The two-headed ogre hits you with a giant club!
Ouch! That really hurt!
You die...
Kikubaaqudgha rasps: "You have failed me!
Welcome... death!"

#.# #.# #.# ... ..
#.# ...####.##
.......$. .
##.....#.########...#
....z....zO@<%......#
##.....#?########...#
#.......# # .........
#.....#### #.....
..... ###


You could see a two-headed ogre, a wight and a friendly wight (unaware).

Vanquished Creatures
  An orc knight (Bailey)
  A centaur (D:6)
  An ogre (D:7)
  A scorpion (D:4)
  A crimson imp (D:6)
  An orc priest (D:7)
  A giant frog skeleton (D:6)
  An orc wizard (D:4)
  A hound (D:10)
  A worker ant (D:9)
  Terence (D:2)
  13 gnolls (Bailey)
  4 adders
  A worm (D:3)
  20 orcs
  A ball python (D:2)
  A bat zombie (D:6)
  7 goblins
  11 hobgoblins
  2 jackals (D:4)
  2 quokkas
  7 bats
  2 giant cockroaches
  A giant gecko zombie (D:7)
  4 giant newts
  A giant spore (D:9)
  A jackal zombie (D:7)
  18 kobolds
  6 rats
113 creatures vanquished.

Vanquished Creatures (collateral kills)
  A wight (D:10)
  A crimson imp (D:7)
  A shadow imp (D:6)
  4 orcs (D:7)
  A kobold (Bailey)
  A goblin (D:7)
9 creatures vanquished.

Vanquished Creatures (others)
  3 gnoll zombies (Bailey)
  A hobgoblin skeleton (Bailey)
  A hobgoblin zombie (Bailey)
  3 kobold zombies (Bailey)
8 creatures vanquished.

Grand Total: 130 creatures vanquished

Notes
Turn   | Place    | Note
--------------------------------------------------------------
     0 | D:1      | EmikaRules, the Spriggan Necromancer, began the quest for the Orb.
     0 | D:1      | Reached XP level 1. HP: 9/9 MP: 4/4
   350 | D:2      | Noticed Terence
   463 | D:2      | Killed Terence
   463 | D:2      | Reached XP level 2. HP: 2/13 MP: 0/8
   957 | D:2      | Reached XP level 3. HP: 3/16 MP: 8/11
   962 | D:2      | Learned a level 3 spell: Regeneration
  1078 | D:3      | Reached skill level 4 in Spellcasting
  1094 | D:3      | Found a sparkling altar of Nemelex Xobeh.
  1096 | D:3      | Found a bloodstained altar of Trog.
  1426 | D:3      | Learned a level 3 spell: Vampiric Draining
  1565 | D:3      | Reached XP level 4. HP: 15/21 MP: 8/16
  1676 | D:3      | Learned a level 4 spell: Control Undead
  1780 | D:5      | Entered Level 5 of the Dungeon
  1834 | D:6      | Found a staircase to the Ecumenical Temple.
  1843 | Temple   | Entered the Ecumenical Temple
  1885 | Temple   | Became a worshipper of Kikubaaqudgha
  1948 | D:6      | Reached skill level 5 in Spellcasting
  2166 | D:4      | Reached XP level 5. HP: 20/24 MP: 8/20
  2291 | D:4      | Reached skill level 6 in Spellcasting
  2391 | D:5      | Found Broiro's Assorted Antiques.
  2394 | D:5      | Bought a tubular emerald ring for 140 gold pieces
  2521 | D:6      | Found a glowing golden altar of the Shining One.
  2643 | D:7      | Found a shadowy altar of Dithmenos.
  2704 | D:7      | HP: 1/24 [orc priest/divine providence (9)]
  2743 | D:6      | Noticed a centaur
  2756 | D:6      | Killed a centaur
  2756 | D:6      | Reached XP level 6. HP: 15/28 MP: 4/22
  2786 | D:6      | Learned a level 4 spell: Animate Dead
  2870 | D:7      | Noticed EmikaRules' ghost (experienced DEFE)
  2902 | D:7      | Noticed an orc warrior
  2957 | D:6      | Found a snail-covered altar of Cheibriados.
  2965 | D:6      | Reached skill level 5 in Necromancy
  3038 | D:7      | Reached skill level 7 in Spellcasting
  3139 | D:6      | Acquired Kikubaaqudgha's first power
  3139 | D:6      | Received a gift from Kikubaaqudgha
  3140 | D:6      | Identified Kikubaaqudgha's Volume of Necromancy (Kikubaaqudgha gifted it to you on level 6 of the Dungeon)
  3144 | D:6      | Learned a level 2 spell: Sublimation of Blood
  3194 | D:7      | Found a flagged portal.
  3205 | Bailey   | Entered a bailey
  3452 | Bailey   | Noticed an orc knight
  3457 | Bailey   | Reached XP level 7. HP: 32/32 MP: 25/25
  3566 | Bailey   | Killed an orc knight
  3566 | Bailey   | Reached skill level 9 in Spellcasting
  3624 | Bailey   | Acquired Kikubaaqudgha's second power
  3708 | D:7      | Noticed an ogre
  3727 | D:7      | Killed an ogre
  3727 | D:7      | Reached XP level 8. HP: 34/36 MP: 28/28
  3825 | D:8      | Noticed Joseph
  3852 | D:8      | Noticed Pikel
  3905 | D:10     | Entered Level 10 of the Dungeon
  3925 | D:10     | Noticed a two-headed ogre
  3929 | D:10     | Mangled by a two-headed ogre

Action                   |  1- 3 |  4- 6 |  7- 9 || total
-------------------------+-------+-------+-------++-------
Melee: Unarmed           |     4 |       |       ||     4
       Short sword       |     1 |    26 |       ||    27
       Trident           |       |     8 |       ||     8
 Cast: Pain              |    78 |   122 |    65 ||   265
       Regeneration      |     4 |     7 |     5 ||    16
       Vampiric Draining |       |     9 |       ||     9
       Control Undead    |       |     6 |     5 ||    11
       Sublimation of Bl |       |    11 |     7 ||    18
       Animate Dead      |       |     5 |     1 ||     6
Evoke: Wand              |       |       |     1 ||     1
  Use: Scroll            |       |     8 |       ||     8
